 Dungeon Crawl Stone Soup version 0.28.0 (webtiles) character file.

Game seed: 362186214571136751

433104 freelancePsychic the Tortoise (level 22, -10/209 HPs)
             Began as a Minotaur Berserker on Feb 12, 2022.
             Was the Champion of the Shining One.
             Mangled by a rockslime (18 damage)
             ... created by the Royal Jelly
             ... on level 4 of the Pits of Slime.
             The game lasted 02:34:17 (83720 turns).

freelancePsychic the Tortoise (Minotaur Berserker) Turns: 83720, Time: 02:34:18

Health: -10/209    AC: 39    Str: 21 (25) XL:     22   Next: 87%
Magic:  16/31      EV: 19    Int:  6      God:    the Shining One [******]
Gold:   617        SH:  5    Dex: 16      Spells: 18/21 levels left

rFire   + + +      SeeInvis .   a - +18 lance "Wyrmbane" {slay drac, rPois rF+ rC+ AC+3}
rCold   + + +      Faith    .   (no shield)
rNeg    + + +      Spirit   .   o - +2 gold dragon scales
rPois   +          Reflect  +   G - +2 hat {Stlth+}
rElec   +          Harm     .   J - scarf {rC+ rF+}
rCorr   +          Rampage  .   H - +2 pair of gloves
Will    +....                   D - +3 pair of boots of a bazaar {rC+}
Stlth   ..........              A - amulet of reflection
HPRegen 0.44/turn               K - ring "Qimuume" {rPois rC+ rCorr EV+4}
MPRegen 0.22/turn               L - ring of Edysio Iwyx {Fly rElec EV+4}

@: about to teleport, engulfed (cannot breathe), flying, glowing, studying
Transmutations
A: horns 2, retaliatory headbutt, subdued magic 2
}: 2/15 runes: barnacled, gossamer
a: Renounce Religion, Divine Shield, Cleansing Flame, Summon Divine Warrior


You were on level 4 of the Pits of Slime.
You worshipped the Shining One.
The Shining One was exalted by your worship.
You visited 11 branches of the dungeon, and saw 49 of its levels.
You visited the Abyss 1 time.
You also visited: Bailey and Gauntlet.

You collected 4619 gold pieces.
You spent 4002 gold pieces at shops.

Inventory:

Hand Weapons
 a - the +18 lance "Wyrmbane" (weapon) {slay drac, rPois rF+ rC+ AC+3}
   (You found it in a Gauntlet)

   It inflicts extra damage against dragons and draconians.
   AC:        It affects your AC (+3).
   rF:        It protects you from fire.
   rC:        It protects you from cold.
   rPois:     It protects you from poison.
 b - a +9 longbow of holy wrath
Missiles
 l - 28 boomerangs
 s - 10 throwing nets
 M - 467 arrows
 S - 11 silver javelins (quivered)
 Y - 18 javelins
Armour
 o - +2 gold dragon scales (worn)
 D - the +3 pair of boots of a bazaar (worn) {rC+}
   (You found it on level 14 of the Dungeon)

   rC:        It protects you from cold.
 G - a +2 hat of stealth (worn)
 H - a +2 pair of gloves (worn)
 J - a scarf of resistance (worn)
Jewellery
 i - a ring of willpower
 y - a ring of see invisible
 A - an amulet of reflection (around neck)
 K - the ring "Qimuume" (left hand) {rPois rC+ rCorr EV+4}
   (You bought it in a shop on level 2 of the Orcish Mines)

   [ring of evasion]

   EV:        It affects your evasion (+4).
   rC:        It protects you from cold.
   rPois:     It protects you from poison.
   rCorr:     It protects you from acid and corrosion.
 L - the ring of Edysio Iwyx (right hand) {Fly rElec EV+4}
   (You bought it in a shop on level 2 of the Orcish Mines)

   [ring of evasion]

   EV:        It affects your evasion (+4).
   rElec:     It insulates you from electricity.
   Fly:       It grants you flight.
Wands
 e - a wand of flame (51)
 h - a wand of polymorph (26)
 j - a wand of digging (4)
 x - a wand of acid (17)
 z - a wand of iceblast (33)
 I - a wand of mindburst (7)
 X - a wand of charming (16)
Scrolls
 d - 2 scrolls of teleportation {@r4}
 f - 2 scrolls of enchant weapon
 m - 2 scrolls of holy word
 p - 12 scrolls of identify {@r1}
 q - 4 scrolls of magic mapping
 r - 6 scrolls of fog
 u - 2 scrolls of brand weapon
 v - 3 scrolls of silence
 w - 2 scrolls of enchant armour
 C - 2 scrolls of blinking
Potions
 c - 7 potions of lignification
 k - 6 potions of attraction
 t - 10 potions of curing {@q1}
 B - 3 potions of ambrosia
 E - 3 potions of magic
 F - 5 potions of mutation
 N - 6 potions of flight
 O - 2 potions of might
 P - 6 potions of brilliance {unknown}
 Q - 2 potions of haste {@q3}
 R - 2 potions of heal wounds {@q2}
 W - 2 potions of berserk rage {unknown}
 Z - a potion of resistance {unknown}
Miscellaneous
 T - a lightning rod (4/4)
 U - a box of beasts
 V - a phantom mirror


   Skills:
 - Level 20.0 Fighting
 - Level 17.7(17.8) Axes
 - Level 2.9(12.0) Polearms
 - Level 20.0 Bows
 - Level 10.6 Throwing
 - Level 20.5 Armour
 - Level 15.7 Dodging
 - Level 8.6 Shields
 + Level 5.0 Hexes
 + Level 5.5 Translocations
 + Level 13.4 Invocations
 - Level 10.5 Evocations


You had 18 spell levels left.
You knew the following spells:

 Your Spells              Type           Power      Damage    Failure   Level
a - Portal Projectile     Hex/Tloc       6%         N/A       97%         3

Your spell library contained the following spells:

 Spells                   Type           Power      Damage    Failure   Level
 Tukima's Dance           Hex            3%         N/A       98%         3
 Ensorcelled Hibernation  Hex/Ice        2%         N/A       99%         2
 Freeze                   Ice            0%         1d3       100%        1
 Sandblast                Erth           0%         2d4       100%        1
 Passwall                 Tmut/Erth      0%         N/A       100%        2
 Static Discharge         Conj/Air       0%         N/A       100%        2
 Call Canine Familiar     Summ           0%         N/A       100%        3
 Frozen Ramparts          Ice            0%         1d2       100%        3
 Swiftness                Air            0%         N/A       100%        3
 Anguish                  Hex/Necr       0%         N/A       100%        4
 Cause Fear               Hex            1%         N/A       100%        4
 Dispel Undead            Necr           0%         3d6       100%        4
 Hailstorm                Conj/Ice       0%         3d3       100%        4
 Leda's Liquefaction      Hex/Erth       0%         N/A       100%        4
 Sticky Flame             Conj/Fire      0%         2d3       100%        4
 Iron Shot                Conj/Erth      0%         9d1       100%        6
 Simulacrum               Ice/Necr       0%         N/A       100%        6
 Dragon Form              Tmut           0%         N/A       100%        7
 Enfeeble                 Hex            1%         N/A       100%        7
 Malign Gateway           Summ/Tloc      1%         N/A       100%        7
 Necromutation            Tmut/Necr      0%         N/A       100%        8
 Dragon's Call            Summ           0%         N/A       100%        9


Dungeon Overview and Level Annotations

Branches:
Dungeon (15/15)            Temple (1/1) D:4            Lair (6/6) D:8
 Shoals (4/4) Lair:4       Spider (4/4) Lair:4        Slime (5/5) Lair:5
    Orc (2/2) D:10            Elf (3/3) Orc:2        Vaults (2/5) D:14
  Crypt (3/3) Vaults:2     Depths (4/4) D:15         Bailey (visited)
Gauntlet (visited)
   Tomb: Crypt:3        Zot: Depths:4

Altars:
Ashenzari
Cheibriados
Dithmenos
Elyvilon
Fedhas
Gozag
Hepliaklqana
Kikubaaqudgha
Makhleb
Nemelex Xobeh
Okawaru
Qazlal
Ru
Sif Muna
Trog
Uskayaw
Vehumet
Wu Jian
Xom
Yredelemnul
Zin
The Shining One
Beogh

Shops:
D:5 =!(   D:10 [?[   D:11 !   D:13 (!*   Orc:2 (:=(   Elf:1 :   Elf:3 !
Vaults:1 !   Depths:1 *   Depths:2 *   Depths:3 *

Portals:
Hell: Depths:1 Depths:2
Abyss: Depths:2 Depths:3 Depths:4
Pandemonium: Depths:2
Ziggurat: Depths:3
Trove: D:14 (give +3 storm dragon scales)

Annotations:
D:6 3 runed translucent doors, Jase's ghost, novice MfIE; zeram's ghost, novice OpFi
Lair:5 exclusion: 2 oklob plants
Lair:6 2 transporters, exclusion: 2 oklob plants, Ajaymots's ghost, journeyman HOMo
Shoals:3 3 runed translucent doors, BeingJoeMalik's ghost, adept TeFi
Slime:5 Royal Jelly
Depths:2 1 runed translucent door, exclusion: 3 doors, Cupezest's ghost, adept DgCj
Depths:3 2 transporters


Innate Abilities, Weirdness & Mutations

You have a pair of horns on your head.
You reflexively headbutt those who attack you in melee.
Your spells are easier to cast, but less powerful.


Message History

You feel your power leaking away. You block the rockslime's attack.
The rockslime hits you but does no damage.
The rockslime misses you. You furiously retaliate!
You headbutt the rockslime, but do no damage.
The rockslime barely misses you. x2; The azure jelly closely misses you.
The azure jelly hits you but does no damage. x3
You impale the rockslime!!
The rockslime is moderately wounded.
The quicksilver ooze hits you! The quicksilver ooze engulfs you!
The quicksilver ooze hits you but does no damage.
The rockslime misses you. You furiously retaliate!
You headbutt the rockslime, but do no damage.
The rockslime hits you but does no damage. x3
You impale the rockslime!!
The rockslime is severely wounded.
Your lungs strain for air!
The quicksilver ooze hits you! The quicksilver ooze misses you.
The rockslime hits you.
You hold your ground!
The azure jelly hits you but does no damage.
The azure jelly hits you.
* * * LOW HITPOINT WARNING * * *
The azure jelly freezes you. You resist.
* * * LOW HITPOINT WARNING * * *
The azure jelly barely misses you. The azure jelly closely misses you.
You impale the rockslime!!
You kill the rockslime!
That felt strangely unrewarding.
* * * LOW HITPOINT WARNING * * *
Your lungs strain for air!
The rockslime hits you!!
* * * LOW HITPOINT WARNING * * *
You hold your ground!
The quicksilver ooze barely misses you. You furiously retaliate!
You headbutt the quicksilver ooze. The quicksilver ooze barely misses you.
The rockslime hits you but does no damage.
The rockslime hits you!!
* * * LOW HITPOINT WARNING * * *
You are shoved backwards!
The rockslime hits you!!
You die...

##.................##....
#.............#....#..<.
####...........##.........
##..............###........
#................###.....##
##..........#.....#########
###.##.....J.J.......#######.
##.#..........JJJ...............
#............#.@J...............
##.#.#...............#..........
# ####................########.
##.##.............#.## ##
......................#
#........#......#......#
###.##.####.........#...# ## ###
##.##.#..###.## ######### #


You could see an azure jelly, 4 rockslimes and a quicksilver ooze.

Vanquished Creatures
  Dissolution (Slime:4)
  Mennas (Crypt:2)
  A juggernaut (Depths:4)
  A bone dragon (Vaults:2)
  2 golden dragons (Depths:4)
  4 liches
  3 deep elf blademasters
  14 acid blobs
  2 deep elf master archers (Elf:3)
  A titan (Depths:2)
  The ghost of Tuny the Imperceptible, an adept SpEn of Gozag (Elf:1)
  A tentacled starspawn (Abyss:2)
  2 ancient champions (Crypt:1)
  Gastronok (D:10)
  3 sphinxes
  3 tengu reavers
  Kirke (Lair:4)
  A storm dragon (Depths:4)
  Donald (Elf:3)
  8 rockslimes
  2 revenants (Crypt:2)
  11 azure jellies
  A fenstrider witch (Vaults:1)
  A fire giant (Depths:1)
  5 frost giants
  5 deep elf sorcerers
  An orc warlord (Vaults:1)
  5 ghost moths
  Aizul (Spider:4)
  Louise (Depths:1)
  A caustic shrike zombie (Crypt:1)
  10 emperor scorpions
  A draconian scorcher (Depths:4)
  A cacodemon (Depths:2)
  4 ironbound preservers (Vaults:1)
  2 iron dragons
  2 ghouls (Crypt:2)
  A broodmother (Lair:4)
  3 war gargoyles
  19 stone giants
  6 quicksilver oozes
  A draconian annihilator (Depths:3)
  A juggernaut skeleton (Depths:2)
  6 spriggan defenders
  3 deep elf elementalists (Elf:3)
  12 very ugly things
  An ironbound thunderhulk (Vaults:2)
  10 vampire knights
  A green draconian (Depths:3)
  5 deep elf demonologists
  2 minotaurs
  6 dire elephants (Vaults:1)
  6 entropy weavers
  A purple draconian (Abyss:2)
  A white draconian (Depths:4)
  2 spark wasps
  8 deep elf annihilators (Elf:3)
  5 eidola (Crypt:2)
  A yellow draconian (Depths:4)
  2 red draconians (Depths:4)
  3 fire dragons (Depths:1)
  2 quicksilver dragon zombies
  A blizzard demon (Depths:2)
  9 great orbs of eyes
  3 merfolk javelineers
  5 merfolk impalers
  3 mummy priests (Crypt:2)
  8 deep elf death magi
  3 ettins
  12 jiangshi
  2 yaktaur captains
  2 deep elf high priests (Elf:3)
  4 ice dragons
  2 juggernaut simulacra
  4 rakshasas
  3 spriggan air magi
  5 boulder beetles
  A peacekeeper (Vaults:1)
  An ironbound frostheart (Vaults:1)
  4 death knights
  6 catoblepae
  2 merfolk avatars
  2 radroaches
  An alligator snapping turtle (Shoals:1)
  2 spriggan skeletons
  3 ogre magi
  11 hydras
  3 centaur warriors
  21 two-headed ogres
  A merfolk aquamancer (Shoals:4)
  6 satyrs
  24 dancing weapons
  5 tengu warriors
  13 death yaks
  3 deep troll earth magi
  7 vampire magi
  2 orc high priests
  Urug (Lair:4)
  A shock serpent (shapeshifter) (Elf:1)
  A sun demon (Depths:2)
  12 hell knights
  3 large abominations (Abyss:2)
  A thrashing horror (Abyss:2)
  2 soul eaters (Crypt:2)
  A titan skeleton (Crypt:2)
  12 deep elf knights
  3 iron trolls
  16 skeletal warriors
  A death drake (shapeshifter) (D:15)
  4 shadow wraiths (Crypt:1)
  A sixfirhy (Gauntlet)
  4 glowing orange brains
  6 pharaoh ants
  8 sea snakes
  A sun moth (Spider:2)
  12 steelbarb worms
  16 deep trolls
  A spriggan simulacrum (Crypt:1)
  3 spriggan druids (Depths:1)
  10 orb spiders
  7 wizards
  5 flayed ghosts
  A bog body (Crypt:2)
  A shadow dragon zombie (Depths:2)
  A golden dragon skeleton (Crypt:2)
  7 deep elf archers
  6 ironbound convokers (Vaults:1)
  8 lindwurms
  7 phantasmal warriors
  6 orc knights
  19 deep elf zephyrmancers
  An orc sorcerer (Orc:1)
  14 harpies
  7 necromancers
  18 wolf spiders
  16 deep elf pyromancers
  6 shining eyes
  9 ugly things
  17 manticores
  2 human zombies (Vaults:1)
  14 fauns
  A worldbinder (Abyss:2)
  32 elephants
  A sphinx skeleton (Crypt:1)
  A salamander (shapeshifter) (Elf:3)
  3 moths of wrath
  7 merfolk sirens
  10 cyclopes
  4 water nymphs
  A smoke demon (Depths:2)
  3 black mambas
  3 eyes of devastation
  A titan simulacrum (Crypt:1)
  A rust devil (Gauntlet)
  2 vault sentinels (Vaults:1)
  2 emperor scorpion simulacra (Crypt:1)
  A centaur skeleton (Crypt:2)
  3 orange demons (Depths:2)
  13 cane toads
  A dire elephant skeleton (Crypt:2)
  7 torpor snails
  5 rime drakes
  4 kobold demonologists
  3 yaktaurs (D:14)
  A yellow draconian zombie (Crypt:1)
  12 komodo dragons
  An efreet (D:15)
  2 spriggan zombies
  12 freezing wraiths
  10 demonic crawlers
  A bunyip simulacrum (Crypt:1)
  A red draconian skeleton (Crypt:2)
  3 tengu conjurers
  A death yak zombie (Crypt:2)
  A pale draconian skeleton (Crypt:1)
  A tormentor (Depths:1)
  A harpy zombie (Crypt:2)
  A hydra zombie (Crypt:1)
  3 ice devils
  2 red devils (Depths:2)
  12 merfolk
  19 polar bears
  15 meliai
  4 ancient zymes (Abyss:2)
  12 hornets
  15 trolls
  4 wind drakes
  A raiju (Abyss:2)
  91 slime creatures
  21 tarantellas
  14 snapping turtles
  13 blink frogs
  4 dream sheep (Shoals:3)
  A harpy skeleton (Crypt:2)
  3 air elementals
  10 spriggans
  33 jumping spiders
  2 centaur simulacra (Crypt:1)
  30 culicivoras
  A spriggan (shapeshifter) (Elf:1)
  17 flying skulls
  A vampire (Abyss:2)
  A shadow (Abyss:2)
  2 starcursed masses (Abyss:2)
  3 ynoxinuls
  3 dire elephant simulacra (Crypt:1)
  Sigmund (D:2)
  2 fire elementals
  6 water elementals
  3 hogs (Lair:4)
  67 yaks
  5 wyverns
  16 wraiths
  10 golden eyes
  A hog (shapeshifter) (D:13)
  A human (shapeshifter) (D:14)
  8 basilisks
  65 redbacks
  Grum (D:10)
  A steam dragon (D:8)
  2 wargs (Orc:1)
  5 vampire mosquitoes (D:12)
  3 harpy simulacra (Crypt:1)
  A naga zombie (Crypt:2)
  4 small abominations (Abyss:2)
  An acid dragon (D:11)
  19 water moccasins
  A lindwurm zombie (Crypt:2)
  A naga skeleton (Crypt:2)
  39 orc warriors
  5 sky beasts
  2 necrophages
  2 ettin simulacra
  25 wolves
  6 black bears
  34 ogres
  A hog zombie (Crypt:2)
  A phantom (D:7)
  17 centaurs
  7 kobold brigands
  2 yaktaur zombies
  9 bullfrogs
  A scorpion (D:4)
  A glowing shapeshifter simulacrum (Vaults:1)
  8 earth elementals
  3 gnoll sergeants (D:10)
  A polar bear zombie (Crypt:2)
  A raiju zombie (Crypt:2)
  8 wights (D:7)
  4 killer bees (D:8)
  A yak skeleton (Crypt:1)
  9 electric eels
  6 howler monkeys
  2 bullfrog zombies (D:6)
  A quasit (Abyss:2)
  7 centaur zombies
  5 hounds
  2 gnoll shamans
  19 orc priests
  A bullfrog skeleton (Crypt:2)
  3 iron imps
  4 jellies
  Ijyb (D:3)
  Terence (D:2)
  5 iguanas
  24 orc wizards
  5 hell rats (Lair:5)
  3 killer bee zombies
  An ogre skeleton (Crypt:1)
  A hound skeleton (D:4)
  2 howler monkey zombies
  Robin (D:2)
  7 adders
  34 gnolls
  A river rat (Bailey)
  2 white imps
  4 ufetubi
  An adder zombie (Crypt:2)
  A worm (D:3)
  4 dart slugs
  82 orcs
  5 bats
  8 endoplasms
  21 goblins
  11 hobgoblins
  10 jackals
  7 ball pythons
  A ball python zombie (Crypt:1)
  10 frilled lizards
  35 kobolds
  An orc skeleton (Crypt:2)
  A quokka skeleton (D:4)
  5 rats
1940 creatures vanquished.

Vanquished Creatures (collateral kills)
  3 caustic shrikes (Depths:4)
  An acid blob (Slime:5)
  2 merfolk javelineers (Shoals:4)
  A hydra (Lair:6)
  2 boulder beetles
  A jorogumo (Lair:4)
  2 alligator snapping turtles (Shoals:4)
  2 sea snakes (Shoals:4)
  2 orb spiders (Spider:3)
  A phantasmal warrior (D:14)
  4 wolf spiders (Spider:1)
  A cane toad (Lair:6)
  A demonic crawler (Spider:1)
  An ancient zyme (Abyss:2)
  3 merfolk
  A meliai (Spider:1)
  A snapping turtle (Shoals:4)
  2 tarantellas (Spider:1)
  4 jumping spiders
  4 culicivoras
  A large abomination (Abyss:2)
  4 yaks (Lair:6)
  11 redbacks
  A spatial vortex (Abyss:2)
56 creatures vanquished.

Vanquished Creatures (others)
  A stone giant (Slime:5)
  A deep troll (Slime:2)
  A phantasmal warrior (Crypt:2)
  A tarantella (Spider:3)
  A golden eye (Abyss:2)
  An orc warrior (Elf:2)
  An ogre (Slime:2)
  A demonic plant (Gauntlet)
  47 fungi
  179 plants
  2 starspawn tentacles (Abyss:2)
236 creatures vanquished.

Grand Total: 2232 creatures vanquished

Notes
Turn   | Place    | Note
-------+----------+-------------------------------------------
     0 | D:1      | freelancePsychic the Minotaur Berserker began the quest for
                  | the Orb.
     0 | D:1      | Reached XP level 1. HP: 19/19 MP: 0/0
   263 | D:1      | Reached XP level 2. HP: 19/27 MP: 1/1
  1006 | D:1      | You fall into a shaft and drop 1 floor!
  1028 | D:2      | Found a faded altar of an unknown god.
  1032 | D:2      | Noticed Terence
  1042 | D:2      | Killed Terence
  1043 | D:2      | Reached skill level 5 in Axes
  1043 | D:2      | Reached XP level 3. HP: 29/34 MP: 2/2
  1063 | D:2      | Noticed Sigmund
  1207 | D:2      | Reached XP level 4. HP: 41/41 MP: 3/3
  1325 | D:2      | Killed Sigmund
  1326 | D:2      | Reached skill level 5 in Fighting
  1326 | D:2      | Reached XP level 5. HP: 48/48 MP: 4/4
  1401 | D:2      | Found a basalt altar of Yredelemnul.
  1469 | D:2      | Noticed Robin
  1494 | D:2      | Killed Robin
  1908 | D:1      | Reached ** piety under Trog
  1909 | D:1      | Reached XP level 6. HP: 54/56 MP: 5/5
  2228 | D:3      | Noticed Ijyb
  2247 | D:3      | Killed Ijyb
  2399 | D:3      | Found a stormy altar of Qazlal.
  2411 | D:3      | Found a bloodstained altar of Trog.
  2822 | D:3      | Found a hazy altar of Hepliaklqana.
  3307 | D:4      | Reached skill level 1 in Evocations
  3462 | D:4      | Reached XP level 7. HP: 63/63 MP: 6/6
  3545 | D:4      | Reached *** piety under Trog
  3781 | D:4      | Found a staircase to the Ecumenical Temple.
  4174 | D:5      | Entered Level 5 of the Dungeon
  4376 | D:5      | Found Tyhetug's Jewellery Shop.
  4649 | D:5      | Found Vin Juul's Distillery.
  4666 | D:5      | Found Enarph's Antique Weapon Shoppe.
  5063 | D:5      | Reached XP level 8. HP: 59/73 MP: 7/7
  5867 | D:6      | Reached skill level 10 in Axes
  5898 | D:6      | Found a broken altar of Ashenzari.
  6453 | D:6      | Found a basalt altar of Yredelemnul.
  6645 | D:6      | Found a runed translucent gate.
  6645 | D:6      | Found a runed translucent gate.
  6648 | D:6      | Found a runed translucent gate.
  6650 | D:6      | Noticed zeram's ghost (novice OpFi)
  6650 | D:6      | Noticed Jase's ghost (novice MfIE)
  6751 | D:6      | Reached XP level 9. HP: 69/81 MP: 8/8
  6883 | D:6      | Found a white marble altar of Elyvilon.
  7146 | D:7      | Reached **** piety under Trog
  7899 | D:7      | Reached skill level 5 in Evocations
  9403 | D:8      | Found a flagged portal.
  9424 | Bailey   | Entered a bailey
  9518 | Bailey   | Reached ***** piety under Trog
  9571 | Bailey   | Reached XP level 10. HP: 35/92 MP: 9/9
 10281 | D:8      | Reached skill level 10 in Fighting
 10376 | D:8      | Paralysed by a hornet for 2 turns
 10384 | D:8      | Paralysed by a hornet for 1 turns
 10696 | D:8      | Found a staircase to the Lair.
 11771 | D:9      | Reached XP level 11. HP: 91/102 MP: 10/10
 11985 | D:9      | Reached skill level 15 in Axes
 12245 | D:10     | Entered Level 10 of the Dungeon
 12409 | D:10     | Noticed a two-headed ogre
 12571 | D:9      | Killed a two-headed ogre
 12572 | D:9      | Reached skill level 1 in Throwing
 13626 | D:10     | Noticed Gastronok
 13656 | D:10     | Killed Gastronok
 13838 | D:10     | Found Mopyutyi's Armour Shoppe.
 14177 | D:10     | Found Pomaehur's Armour Emporium.
 14180 | D:10     | Found a staircase to the Orcish Mines.
 14184 | D:10     | Bought a +2 pair of gloves for 198 gold pieces
 14220 | D:10     | Noticed Grum
 14234 | D:10     | Killed Grum
 14840 | D:10     | Found Xizuf's Magic Scroll Emporium.
 14844 | D:10     | Bought a scroll of blinking for 105 gold pieces
 14844 | D:10     | Bought a scroll of teleportation for 42 gold pieces
 15430 | D:11     | Noticed a two-headed ogre
 15440 | D:11     | Killed a two-headed ogre
 15633 | D:11     | Noticed a two-headed ogre
 15641 | D:11     | Killed a two-headed ogre
 16031 | D:11     | Found Zeziaj's Distillery.
 16052 | D:11     | Bought a potion of curing for 48 gold pieces
 16073 | D:11     | Reached XP level 12. HP: 95/113 MP: 11/11
 16610 | D:12     | Noticed a seven-headed hydra
 16618 | D:12     | Killed a seven-headed hydra
 16811 | D:12     | Noticed a six-headed hydra
 16822 | D:12     | Killed a six-headed hydra
 16823 | D:12     | Reached skill level 5 in Throwing
 17064 | D:12     | Received a gift from Trog
 17670 | Lair:1   | Entered Level 1 of the Lair of Beasts
 17953 | Lair:1   | Found a gate leading to a gauntlet.
 17962 | Gauntlet | Entered a Gauntlet
 17962 | Gauntlet | Found a transporter.
 17962 | Gauntlet | Found a transporter.
 17962 | Gauntlet | Found a transporter.
 18104 | Gauntlet | Found a transporter.
 18114 | Gauntlet | Found a transporter.
 18116 | Gauntlet | Found a transporter.
 18120 | Gauntlet | Noticed a hell hog
 18130 | Gauntlet | Found a transporter.
 18146 | Gauntlet | Found a transporter.
 18147 | Gauntlet | Noticed an entropy weaver
 18161 | Gauntlet | Found a transporter.
 18164 | Gauntlet | Found a transporter.
 18172 | Gauntlet | Found a transporter.
 18175 | Gauntlet | Found a transporter.
 18175 | Gauntlet | Found the +8 lance "Wyrmbane" {slay drac, rPois rF+ rC+
                  | AC+3}
 18214 | Gauntlet | Reached skill level 1 in Polearms
 18548 | Gauntlet | Killed an entropy weaver
 18589 | Gauntlet | Identified the ring of Greater Demons {Fly Dex+2}
 18615 | Gauntlet | Noticed a minotaur
 18625 | Gauntlet | Killed a minotaur
 18832 | Lair:1   | Reached skill level 5 in Armour
 19492 | Lair:2   | Reached skill level 1 in Shields
 19663 | Lair:2   | Noticed a seven-headed hydra
 19673 | Lair:2   | Killed a seven-headed hydra
 19705 | Lair:2   | Reached XP level 13. HP: 50/123 MP: 12/12
 20953 | Lair:2   | You are sucked into a shaft and drop 2 floors!
 21276 | Lair:4   | Noticed Urug
 21292 | Lair:4   | Killed Urug
 22164 | Lair:4   | Found a staircase to the Shoals.
 22267 | Lair:4   | Found a hole to the Spider Nest.
 22344 | Lair:4   | Reached skill level 15 in Fighting
 22713 | Lair:3   | Reached skill level 5 in Dodging
 23114 | Lair:3   | Reached XP level 14. HP: 127/135 MP: 13/13
 23378 | Lair:3   | Received a gift from Trog
 23748 | Lair:5   | Found a staircase to the Slime Pits.
 24519 | Lair:5   | Identified the +1 chain mail of Mirth {+Blink rN+ Will+
                  | Int+2}
 24873 | Lair:6   | Entered Level 6 of the Lair of Beasts
 24886 | Lair:6   | Reached skill level 10 in Armour
 24991 | Lair:6   | Found a transporter.
 25000 | Lair:6   | Noticed Ajaymots's ghost (journeyman HOMo)
 25055 | Lair:6   | Found a transporter.
 25062 | Lair:6   | Found a bloodstained altar of Trog.
 25749 | Lair:6   | Found the +1 robe of Vines {NoPotionHeal Regen++++}
 26424 | Lair:6   | Reached skill level 10 in Evocations
 26589 | Lair:6   | Reached XP level 15. HP: 145/145 MP: 14/14
 26990 | Orc:1    | Entered Level 1 of the Orcish Mines
 27166 | Orc:2    | Entered Level 2 of the Orcish Mines
 27166 | Orc:2    | Found Lenier's Book Shop.
 27166 | Orc:2    | Found Koamuo's Weapon Shop.
 28528 | D:13     | Found Jytti's Distillery.
 28536 | D:13     | Bought a potion of heal wounds for 80 gold pieces
 28670 | D:13     | Found Yxkeabbugy's General Store.
 28819 | D:13     | Found Cowaef's Weapon Boutique.
 30152 | D:14     | Identified the +3 pair of boots of a bazaar {rC+}
 30193 | D:14     | Found a portal to a secret trove of treasure.
 30236 | D:14     | Received a gift from Trog
 30249 | D:14     | Found a gate to the Vaults.
 30746 | D:14     | Found a stormy altar of Qazlal.
 31350 | D:15     | Entered Level 15 of the Dungeon
 32161 | D:15     | Reached skill level 5 in Shields
 32650 | D:15     | Found a staircase to the Depths.
 32957 | Spider:1 | Entered Level 1 of the Spider Nest
 33589 | Spider:1 | Paralysed by a jorogumo for 2 turns
 33611 | Lair:4   | Reached XP level 16. HP: 79/154 MP: 15/15
 36313 | Shoals:1 | Entered Level 1 of the Shoals
 36317 | Shoals:1 | Noticed Kirke
 36410 | Lair:4   | Killed Kirke
 38240 | Shoals:1 | Found a hide-covered altar of Uskayaw.
 38761 | Shoals:2 | Found Yseusolo's Assorted Antiques.
 38768 | Shoals:2 | Bought 2 potions of curing for 234 gold pieces
 38768 | Shoals:2 | Bought a scroll of teleportation for 117 gold pieces
 39158 | Shoals:2 | Reached skill level 10 in Throwing
 40501 | Shoals:3 | Found a runed translucent gate.
 40501 | Shoals:3 | Found a runed translucent gate.
 40501 | Shoals:3 | Found a runed translucent gate.
 40502 | Shoals:3 | Noticed BeingJoeMalik's ghost (adept TeFi)
 40660 | Shoals:1 | Identified the +9 longbow of Drought {freeze, Str+4}
 40774 | Shoals:4 | Entered Level 4 of the Shoals
 40788 | Shoals:4 | Reached skill level 10 in Dodging
 40795 | Shoals:4 | Reached skill level 15 in Armour
 41103 | Shoals:4 | Reached XP level 17. HP: 138/168 MP: 16/16
 41222 | Shoals:4 | Cast into level 2 of the Abyss (merfolk)
 41343 | Abyss:2  | Paralysed by accursed screaming for 1 turns
 41348 | Abyss:2  | Paralysed by accursed screaming for 1 turns
 42067 | Shoals:4 | Escaped the Abyss
 43231 | Shoals:4 | Got a barnacled rune of Zot
 43553 | Shoals:4 | Reached skill level 1 in Bows
 43774 | Shoals:4 | Identified the +6 chain mail of the Distant Future {rC+}
 47059 | Spider:3 | Reached skill level 5 in Bows
 47943 | Spider:4 | Entered Level 4 of the Spider Nest
 47972 | Spider:4 | Received a gift from Trog
 48060 | Spider:4 | Reached XP level 18. HP: 178/178 MP: 17/17
 48355 | Spider:4 | Noticed Aizul
 48376 | Spider:4 | Killed Aizul
 50654 | Spider:4 | Received a gift from Trog
 50815 | Spider:4 | Got a gossamer rune of Zot
 51170 | Vaults:1 | Entered Level 1 of the Vaults
 51244 | Vaults:1 | Reached skill level 10 in Bows
 51331 | Depths:1 | Entered Level 1 of the Depths
 52748 | Depths:1 | Reached skill level 15 in Dodging
 53540 | Depths:1 | Found a gateway to Hell.
 53613 | Depths:1 | Found Fattaf's General Store.
 53621 | Depths:1 | Bought 3 silver javelins for 136 gold pieces
 53621 | Depths:1 | Bought a wand of digging (5) for 342 gold pieces
 54422 | Depths:1 | Reached XP level 19. HP: 171/185 MP: 18/18
 55333 | Depths:2 | Found a sacrificial altar of Ru.
 55801 | Depths:2 | Found a one-way gate to the infinite horrors of the Abyss.
 55809 | Depths:2 | Found a one-way gate leading to the halls of Pandemonium.
 55816 | Depths:2 | Noticed Louise
 56118 | Depths:1 | Killed Louise
 57147 | Depths:2 | Gained mutation: Your spells are a little easier to cast,
                  | but a little less powerful. [a cacodemon]
 57351 | Depths:2 | Identified the +8 scale mail of Hairiness {rPois Will+
                  | Int+2}
 57451 | Depths:2 | Found a runed translucent door.
 57451 | Depths:2 | Noticed Cupezest's ghost (adept DgCj)
 57968 | Depths:2 | Found Hmukk's Humungous Hoard.
 57976 | Depths:2 | Bought 2 scrolls of holy word for 300 gold pieces
 58367 | Depths:3 | Found a transporter.
 58442 | Depths:3 | Found a transporter.
 58442 | Depths:3 | Found a corrupted altar of Lugonu.
 58753 | Depths:3 | Found a one-way gateway to a ziggurat.
 59153 | Depths:3 | Found Pettenobb's General Store.
 59750 | Depths:4 | Entered Level 4 of the Depths
 59774 | Depths:4 | Noticed a golden dragon
 59965 | Depths:4 | Killed a golden dragon
 59973 | Depths:4 | Received a gift from Trog
 60062 | Depths:4 | Found a radiant altar of Vehumet.
 60065 | Depths:4 | Noticed a juggernaut
 60079 | Depths:4 | Killed a juggernaut
 61001 | Depths:4 | Reached skill level 15 in Bows
 61825 | Depths:4 | Reached XP level 20. HP: 157/193 MP: 19/19
 61947 | Depths:4 | Noticed a golden dragon
 61963 | Depths:4 | Killed a golden dragon
 62281 | Depths:4 | Noticed a caustic shrike
 62281 | Depths:4 | Noticed a caustic shrike
 62281 | Depths:4 | Noticed a caustic shrike
 62281 | Depths:4 | Noticed a caustic shrike
 62282 | Depths:4 | Noticed a caustic shrike
 62285 | Depths:4 | Killed a caustic shrike
 62287 | Depths:4 | Killed a caustic shrike
 62296 | Depths:4 | Killed a caustic shrike
 62838 | Vaults:1 | Found Xocokiv's Distillery.
 62848 | Vaults:1 | Bought 2 potions of heal wounds for 200 gold pieces
 62848 | Vaults:1 | Bought a potion of magic for 160 gold pieces
 64318 | Vaults:2 | Noticed a bone dragon
 64343 | Vaults:2 | Killed a bone dragon
 64360 | Vaults:2 | Found a staircase to the Crypt.
 64458 | Vaults:2 | Received a gift from Trog
 64820 | Temple   | Entered the Ecumenical Temple
 64955 | Temple   | Fell from the grace of Trog
 64955 | Temple   | Became a worshipper of the Shining One
 65461 | Crypt:1  | Entered Level 1 of the Crypt
 65469 | Crypt:1  | Reached skill level 1 in Invocations
 65657 | Crypt:1  | Reached * piety under the Shining One
 66414 | Crypt:1  | Reached ** piety under the Shining One
 66894 | Crypt:1  | Reached *** piety under the Shining One
 67427 | Crypt:1  | Reached **** piety under the Shining One
 67881 | Crypt:2  | Reached ***** piety under the Shining One
 67894 | Crypt:2  | Reached skill level 5 in Invocations
 67898 | Crypt:2  | Paralysed by Trog for 6 turns
 68671 | Crypt:2  | Reached XP level 21. HP: 189/201 MP: 24/24
 68889 | Crypt:2  | Reached ****** piety under the Shining One
 69168 | Crypt:2  | Got the Almanac of Darkness
 69337 | Crypt:2  | Identified a +9 longbow of holy wrath (a +7 longbow blessed
                  | by the Shining One)
 69337 | Crypt:2  | Received a gift from the Shining One
 69383 | Crypt:2  | Noticed Mennas
 69451 | Crypt:2  | Killed Mennas
 69814 | Crypt:3  | Entered Level 3 of the Crypt
 71001 | Orc:2    | Found Wiac's Antique Weapon Boutique.
 71012 | Orc:2    | Found Deigymaen's Jewellery Emporium.
 71063 | Orc:2    | Bought the ring of Edysio Iwyx {Fly rElec EV+4} for 729
                  | gold pieces
 71358 | Orc:2    | Found a staircase to the Elven Halls.
 71959 | Elf:1    | Entered Level 1 of the Elven Halls
 72460 | Elf:1    | Paralysed by an air elemental for 1 turns
 72644 | Elf:1    | Found a runed translucent door.
 72647 | Elf:1    | Noticed Tuny's ghost (adept SpEn)
 72763 | Elf:1    | Identified the +6 scale mail of Dust Devil {rElec rN+
                  | rCorr}
 72843 | Elf:1    | Paralysed by an air elemental for 1 turns
 73019 | Elf:1    | Found Fezorool's Book Shop.
 73510 | Elf:1    | Killed Tuny's ghost
 74069 | Elf:2    | Found a runed translucent gate.
 74069 | Elf:2    | Found a runed translucent gate.
 74080 | Elf:2    | Found a runed translucent gate.
 74235 | Elf:2    | Reached skill level 10 in Invocations
 75459 | Elf:3    | Entered Level 3 of the Elven Halls
 75628 | Elf:3    | Found Oniumo's Distillery.
 75699 | Elf:3    | Paralysed by Trog for 5 turns
 75722 | Elf:3    | Bought a potion of curing for 36 gold pieces
 75722 | Elf:3    | Bought a potion of might for 48 gold pieces
 75722 | Elf:3    | Bought a potion of mutation for 96 gold pieces
 76047 | Spider:2 | Learned a level 3 spell: Portal Projectile
 76290 | Elf:3    | Reached XP level 22. HP: 209/209 MP: 29/29
 76329 | Elf:3    | Noticed Donald
 76337 | Elf:3    | Killed Donald
 76407 | Elf:3    | Reached skill level 1 in Translocations
 76412 | Elf:3    | Reached skill level 1 in Hexes
 76775 | Elf:3    | Identified the +3 arbalest "Hiemy" {vorpal, rElec rC+}
 76929 | Elf:3    | Got the Almanac of the Creative Rocks
 77341 | D:10     | Bought 2 scrolls of teleportation for 84 gold pieces
 77341 | D:10     | Bought a scroll of holy word for 105 gold pieces
 77341 | D:10     | Bought a scroll of holy word for 105 gold pieces
 77506 | Slime:1  | Entered Level 1 of the Pits of Slime
 78061 | Orc:2    | Bought the ring "Qimuume" {rPois rC+ rCorr EV+4} for 837
                  | gold pieces
 79700 | Slime:2  | Paralysed by a great orb of eyes for 5 turns
 80980 | Slime:3  | Gained mutation: Your spells are easier to cast, but less
                  | powerful. [a shining eye]
 82514 | Slime:5  | Entered Level 5 of the Pits of Slime
 82518 | Slime:5  | Noticed Dissolution
 82530 | Slime:5  | Paralysed by a floating eye for 2 turns
 82534 | Slime:4  | Killed Dissolution
 82627 | Slime:5  | Reached skill level 5 in Translocations
 83323 | Slime:5  | Reached skill level 5 in Hexes
 83518 | Slime:5  | Noticed the Royal Jelly
 83720 | Slime:4  | HP: 8/209 [rockslime[the Royal Jelly] (28)]
 83720 | Slime:4  | Mangled by a rockslime

Illustrated notes

Levels and vault maps discovered:
D:1:      nicolae_arrival_somewhat_less_tricky_arrival, layout_loops_corners
D:2:      layout_basic, basic_altar, dreamdust_ecumenical_altar_grove,
          uniq_robin, uniq_terence, uniq_sigmund
D:3:      layout_loops_ring, nzn_hepliaklqana_mist_gate,
          amethyst_overflow_temple_binary, chequers_serial_rivers_room_b,
          uniq_ijyb
D:4:      layout_loops_ring, minmay_temple_entry_arrows, minmay_lizard_king
D:5:      layout_basic, serial_shops, nicolae_shop_trees, shop,
          nicolae_shop_advertising_works [nicolae_subvault_shop_adworks],
          kennysheep_nondescript
D:6:      layout_cave_pods, nicolae_yredelemnul_corpse_copse,
          mainiacjoe_overflow_alcove_4, nicolae_overflow_crystal_walls,
          gammafunk_ghost_cemetery, hangedman_decor_growths
D:7:      layout_basic, serial_park_tiny_2, st_stairs_3, hex_medium
D:8:      layout_basic, lair_entry_dummy, enter_bailey_7
D:9:      layout_loops_cross, special_room [special_room_orc],
          david_defended_altar_orc
D:10:     layout_cave_pools, orc_0_dummy, serial_gnoll_camp,
          gnoll_camp_huts_moat, gnoll_camp_mini_shop, gnoll_camp_mini_sergeant,
          gnoll_camp_mini_shop, gnoll_camp_mini_hut, minmay_shop_grid_forest,
          serial_bayou_pond_c, grunt_ministairs_14, minmay_fountain_box,
          uniq_gastronok, uniq_grum
D:11:     layout_roguey, serial_shops, shop_coins
D:12:     layout_rooms
D:13:     layout_grid_maze, serial_shops, shop, shop, nicolae_shop_waterfront
D:14:     layout_basic, hangedman_vaults_entry_quadrant_bands,
          nicolae_qazlal_scattered_showers, nicolae_trove_entry_diagonal
D:15:     grunt_enter_depths_snipers, layout_loops_corners, bh_walls_and_bars
Temple:   regret_index_temple_sphere_string
Lair:1:   layout_chaotic_city, gauntlet_entry_generic, wad_woods_river_02,
          lemuel_fruit_fields
Lair:2:   layout_misc_corridors, wad_woods_river_01
Lair:3:   layout_loops_ring
Lair:4:   layout_regular_city, minmay_shoals_entry_hut,
          spider_nest_entry_web_field, uniq_urug
Lair:5:   layout_concentric_octagons, nicolae_slime_entry_slimehenge,
          nicolae_lair_grazing_beasts [nicolae_sub_lair_graze_edge,
          nicolae_sub_lair_graze_edge, nicolae_sub_lair_graze_edge,
          nicolae_sub_lair_graze_edge]
Lair:6:   evilmike_catoblepas_cave, layout_misc_corridors,
          gammafunk_ghost_wrathful_warriors, hellmonk_guarded_unrand_vines
Shoals:1: layout_shoals, regret_index_shoals_crete, uniq_kirke
Shoals:2: layout_shoals, serial_shops, nicolae_shop_trees
Shoals:3: layout_shoals, ebering_ghost_rock_garden,
          nicolae_shoals_lost_giant_amphitheater
Shoals:4: shoals_end_simple, layout_shoals
Spider:1: layout_spider_delve, nicolae_spider_moth_buddies
Spider:2: layout_spider_delve
Spider:3: layout_spider_delve, hellmonk_narrow_tunnel
Spider:4: grunt_spider_rune_circles, gammafunk_ghost_necromancy,
          nicolae_spider_paper_wasps, uniq_aizul
Slime:1:  cheibrodos_slime_lost_civilization_8, layout_caves
Slime:2:  layout_caves
Slime:3:  layout_caves, cheibrodos_slime_lost_civilization_5
Slime:4:  layout_caves, nicolae_slime_phagocytosis
Slime:5:  uniq_dissolution
Orc:1:    layout_caves, nicolae_orc_lava_tube
Orc:2:    st_orc_open, layout_caves, special_room, basic_altar
Elf:1:    eino_elf_arrival_shootout, layout_geoelf_octagon, serial_shops,
          nicolae_lakefront_shop, ebering_ghost_inner_flame,
          minmay_elf_crystal_heptagon
Elf:2:    nicolae_elf_blades_splatter_lattice [nicolae_blade_entry_pointy_end],
          layout_geoelf_grid, nicolae_elf_variegated_diamond, uniq_louise
Elf:3:    grunt_elf_hall_branching, layout_gridlike, serial_sigils,
          serial_sigils_hangedman_shear, serial_sigils_hangedman_confine,
          serial_sigils_hangedman_carve, serial_sigils_hangedman_stare,
          serial_shops, nicolae_shop_trees, hangedman_elf_power_crystal,
          uniq_donald
Vaults:1: nicolae_vaults_halls_meeting, v_alt_pattern_5,
          hangedman_vaults_capsules, nicolae_vaults_hallways_thing,
          vaults_dpeg_diagonal, grunt_vaults_hallway_long, v_misc_5, v_misc_17,
          nicolae_vaults_ring_of_whatevers, v_misc_3, dpeg_vaults_monster_box,
          layout_vaults_omnicross, serial_shops, nicolae_lakefront_shop
Vaults:2: nicolae_vaults_shelves_hall, minmay_crypt_entry_nasty_monster,
          v_misc_4, vaults_room_hallway, v_misc_27, nicolae_vaults_statue_guard,
          vaults_room_boxed, v_pattern_4, vaults_room_stairs_pillars,
          vaults_dpeg_ring, ontoclasm_vaults_chip, layout_vaults_omnigrid
Crypt:1:  layout_basic, st_chilly_death
Crypt:2:  layout_gridlike, special_room [special_room_morgue],
          nicolae_elevator_lobby_plus, roderic_lattice_octagonal_star,
          lemuel_upstairs_altar, uniq_mennas
Crypt:3:  cryptofortress_bobbens
Depths:1: kb_forest_paths, layout_cave_shapes, hell_entry, serial_shops,
          kennysheep_mini, hangedman_cracks_in_the_wall
Depths:2: kennysheep_demon_jail, layout_gridville, moated_statue,
          hellmonk_ghost_happy_afterlife, hell_entry,
          nicolae_abyss_entry_one_way_or_another, rand_demon_pan_entry_8,
          nicolae_alphabet_shops, minmay_misc_feat_pillars,
          minmay_misc_feat_more_columns, nicolae_ru_sacrificial_ziggurat
Depths:3: gammafunk_corrupted_shrine, layout_honeycomb, enter_ziggurat_b,
          serial_bayou_shore_a, hellmouth_1, abyss_entry, serial_shops,
          kennysheep_little_box, infiniplex_staircase_x
Depths:4: grunt_zot_entry_pinwheel, layout_gridlike, grunt_metal_band,
          abyss_entry, vehumet_crystals

Skill      XL: |  1  2  3  4  5  6  7  8  9 10 11 12 13 14 15 16 17 18 19 20 21 22 |
---------------+-------------------------------------------------------------------+-----
Axes           | 4 5 6 7 8 9 11 12 14 16 17 | 17.7
Fighting       | 4 5 6 7 8 9 11 12 13 15 16 17 19 20 | 20.0
Evocations     | 1 2 4 5 7 8 10 | 10.5
Throwing       | 4 6 7 8 10 | 10.6
Armour         | 5 8 11 13 15 16 19 20 | 20.5
Polearms       | 2 |  2.9
Shields        | 2 4 6 8 |  8.6
Dodging        | 5 8 9 10 12 15 | 15.7
Bows           | 7 11 15 17 20 | 20.0
Invocations    | 5 11 13 | 13.4
Translocations | 5 |  5.5
Hexes          | 5 |  5.0

Action                   |  1- 3 |  4- 6 |  7- 9 | 10-12 | 13-15 | 16-18 | 19-21 | 22-24 || total
-------------------------+-------+-------+-------+-------+-------+-------+-------+-------++-------
Melee: Hand axe          |    41 |   117 |   328 |       |       |       |       |       ||   486
       Headbutt          |    10 |    14 |    73 |   140 |   446 |   626 |   771 |   235 ||  2315
       Unarmed           |       |    15 |       |       |       |       |       |       ||    15
       Punch             |       |     1 |     8 |     6 |       |       |    31 |    21 ||    67
       War axe           |       |       |    90 |    21 |       |       |       |       ||   111
       Broad axe         |       |       |       |   400 |       |       |       |       ||   400
       Lance             |       |       |       |   124 |  1541 |  2659 |  2748 |   621 ||  7693
       Executioner's axe |       |       |       |    45 |       |       |       |       ||    45
 Fire: Longbow           |       |       |       |       |       |       |    34 |   129 ||   163
Throw: Boomerang         |       |       |       |    84 |    85 |   319 |    18 |    34 ||   540
       Javelin           |       |       |       |       |       |    14 |     3 |     4 ||    21
       Throwing net      |       |       |       |       |       |     2 |       |       ||     2
Invok: Berserk           |     1 |     4 |    10 |    17 |    16 |    21 |     8 |       ||    77
       Trog's Hand       |       |       |       |     8 |     9 |    15 |     6 |       ||    38
       Brothers in Arms  |       |       |       |     2 |     6 |     6 |     4 |       ||    18
       Cleansing Flame   |       |       |       |       |       |       |     5 |     4 ||     9
       Summon Divine War |       |       |       |       |       |       |     1 |     1 ||     2
       Brand Weapon With |       |       |       |       |       |       |     1 |       ||     1
       Divine Shield     |       |       |       |       |       |       |       |     2 ||     2
Evoke: Wand              |       |       |     1 |    14 |    11 |    24 |     3 |       ||    53
       Lightning rod     |       |       |       |       |     8 |     4 |       |       ||    12
       Phantom mirror    |       |       |       |       |     1 |       |     2 |       ||     3
       Box of beasts     |       |       |       |       |       |     4 |     2 |       ||     6
  Use: Scroll            |       |       |       |       |    17 |    23 |    21 |     4 ||    65
       Potion            |       |       |       |       |     3 |     9 |     8 |     4 ||    24
 Stab: Paralysed         |       |       |       |     5 |    12 |    10 |       |       ||    27
       Petrified         |       |       |       |       |     2 |       |       |       ||     2
       Held in net/web   |       |       |       |       |       |     3 |       |       ||     3
       Distracted        |       |       |       |       |       |     3 |     3 |       ||     6
Armor: Animal skin       |     6 |     9 |       |       |       |       |       |       ||    15
       Chain mail        |       |    30 |   161 |       |       |   769 |   262 |       ||  1222
       Plate armour      |       |       |    47 |   362 |   580 |   355 |       |       ||  1344
       Gold dragon scale |       |       |       |       |       |       |   725 |   249 ||   974
Dodge: Dodged            |    24 |    55 |   155 |   199 |   331 |   683 |   750 |   330 ||  2527
Block: Buckler           |       |       |       |    13 |   406 |       |       |       ||   419
       Reflection        |       |       |       |       |    28 |    65 |    17 |     6 ||   116
       Kite shield       |       |       |       |       |   165 |  1683 |   624 |       ||  2472
       Other             |       |       |       |       |       |       |   159 |    89 ||   248
